 Dungeon Crawl Stone Soup version 0.28.0 (webtiles) character file.

Game seed: 4489366987214060046

16616 Bregath the Cleaver (level 12, -2/108 HPs)
             Began as a Minotaur Berserker on June 28, 2022.
             Was a High Priest of Trog.
             Shot with a bolt by a yaktaur (15 damage)
             ... on level 11 of the Dungeon on July 9, 2022.
             The game lasted 00:40:00 (14842 turns).

Bregath the Cleaver (Minotaur Berserker)           Turns: 14842, Time: 00:40:04

Health: -2/108     AC: 14    Str: 29    XL:     12   Next: 11%
Magic:  11/11      EV:  9    Int:  8    God:    Trog [*****.]
Gold:   438        SH:  0    Dex: 10    Spells: 11/11 levels left

rFire   . . .      SeeInvis .   b - +3 war axe
rCold   . . .      Faith    .   I - +5 kite shield
rNeg    . . .      Spirit   .   E - +4 plate armour of Yesterday {Will++}
rPois   .          Reflect  .   (helmet restricted)
rElec   .          Harm     .   F - scarf {shadows}
rCorr   .          Rampage  .   (no gloves)
Will    +++..                   (no boots)
Stlth   ..........              (no amulet)
HPRegen 0.28/turn               u - +6 ring of strength
MPRegen 0.12/turn               j - ring of willpower

@: confused, ambrosia-drunk, corroded, on berserk cooldown, slowed, studying
Dodging, very slow
A: horns 2, retaliatory headbutt
a: Renounce Religion, Berserk, Trog's Hand, Brothers in Arms


You were on level 11 of the Dungeon.
You worshipped Trog.
Trog was extremely pleased with you.
You visited 1 branch of the dungeon, and saw 11 of its levels.
You also visited: Sewer.

You collected 570 gold pieces.
You spent 132 gold pieces at shops.

Inventory:

Hand Weapons
 b - a +3 war axe (weapon)
Armour
 s - a +2 ring mail
 E - the +4 plate armour of Yesterday (worn) {Will++}
   (You found it on level 8 of the Dungeon)

   Will:      It greatly increases your willpower.
 F - a scarf of shadows (worn)
 I - a +5 kite shield (worn)
Jewellery
 d - a ring of protection from cold
 j - a ring of willpower (right hand)
 u - a +6 ring of strength (left hand)
 x - a ring of protection from fire
 y - a ring of protection from cold
Wands
 a - a wand of digging (9)
 o - a wand of polymorph (3)
 w - a wand of flame (47)
 A - a wand of acid (17)
Scrolls
 c - 4 scrolls of fog
 e - a scroll of enchant weapon
 h - 3 scrolls of magic mapping
 i - a scroll of summoning
 l - 4 scrolls of teleportation
 p - a scroll of fear
 q - a scroll of silence
 t - 2 scrolls of blinking
 z - a scroll of holy word
 C - a scroll of enchant armour
Potions
 f - a potion of ambrosia
 g - 4 potions of heal wounds
 k - a potion of curing {unknown}
 m - a potion of invisibility {unknown}
 n - 3 potions of flight
 r - 3 potions of haste
 v - a potion of might {unknown}
 G - a potion of cancellation {unknown}
 H - a potion of magic


   Skills:
 * Level 10.9 Fighting
 + Level 13.6 Axes
 * Level 10.1 Armour
 * Level 9.4 Dodging
 * Level 6.1 Stealth
 * Level 5.6 Shields
 - Level 4.0 Evocations


You had 11 spell levels left.
You didn't know any spells.
Your spell library was empty.

Dungeon Overview and Level Annotations

Branches:
Dungeon (11/15)            Temple (0/1) D:7            Lair (0/6) D:8
    Orc (0/2) D:9           Sewer (visited)

Altars:
Elyvilon
Fedhas
Hepliaklqana
Ru
Sif Muna
Uskayaw
Xom
Yredelemnul
The Shining One

Shops:
D:6 *   D:11 *

Annotations:
D:11 2 runed translucent doors


Innate Abilities, Weirdness & Mutations

You have a pair of horns on your head.
You reflexively headbutt those who attack you in melee.


Message History

Something hits you.
* * * LOW HITPOINT WARNING * * *
You feel a strong urge to attack something.
Something hits you but does no damage.
You swing at nothing.
You slash something! Trog accepts your kill.
Reactivating autopickup.
You feel a bit more experienced.
You swing at nothing.
You start resting.
You feel a strong urge to attack something.
You are no longer berserk.
You are exhausted.
You feel yourself slow down.
You start resting.
You feel the effects of Trog's Hand fading.
You start resting.
A brown ugly thing comes into view.
A yaktaur comes into view. It is wielding a staff of conjuration.
Okay, then.
Okay, then.
Okay, then.
You are confused.
You feel invigorated.
Your skin stops crawling.
You feel less strong-willed.
The yaktaur shouts!
The brown ugly thing gurgles horribly!
You hear a shout!
You hear a roar!
The yaktaur wields a +0 arbalest.
The yaktaur shoots a bolt.
The bolt hits you! The brown ugly thing barely misses you.
You bump into the stone wall.
The brown ugly thing kicks you!
* * * LOW HITPOINT WARNING * * *
The acid corrodes you!
You are splashed with acid!
* * * LOW HITPOINT WARNING * * *
The yaktaur shoots a bolt.
The bolt hits you!
* * * LOW HITPOINT WARNING * * *
A deep elf pyromancer comes into view.
It is wielding a +1 great sword of electrocution.
The brown ugly thing barely misses you.
The yaktaur shoots a bolt.
The bolt hits you!
You die...

#..# #..# ##.#
#..# #.# ...#..#
#.# #e.#..# #.#
..#c.#..# #.#
....##..# #.# .
..#.##..#
#(#.....#.#.##..#
#.#...#.#.#@##..#
#
#.#.....#†#u##..#
# #.#
##....#.##..# #
#.#.#....†).##..#
#
#.#.#....(...#..#
#
#.#....##....#..#
##
#.#.#........#..#
.#
#.#.#....:##.#..#
.##
#.#.##).#....#..#


You could see a brown ugly thing, a yaktaur and a deep elf pyromancer.

Vanquished Creatures
  4 two-headed ogres
  Nergalle (D:10)
  2 manticores (D:11)
  An ugly thing (D:10)
  A cyclops (D:8)
  A gargoyle (D:11)
  A freezing wraith (D:11)
  An unseen horror (D:11)
  Psyche (D:8)
  3 trolls
  Grinder (D:3)
  A meliai zombie (D:10)
  6 yaks (D:11)
  A shadow (D:11)
  A wraith (D:10)
  4 wyverns (D:8)
  2 basilisks (D:11)
  A vampire (D:10)
  A vampire mosquito (D:11)
  2 steam dragons
  An acid dragon (D:11)
  2 water moccasins
  5 orc warriors
  A black bear (D:6)
  3 ice beasts
  A sky beast (D:6)
  4 ogres
  A necrophage (D:7)
  5 centaurs
  10 kobold brigands
  5 gnoll sergeants (D:9)
  4 bullfrogs
  9 scorpions
  A wyvern skeleton (D:7)
  19 wights
  7 centaur zombies
  A bullfrog zombie (D:5)
  A centaur skeleton (D:5)
  4 hounds
  9 orc priests
  Crazy Yiuf (D:3)
  2 gnoll shamans (D:5)
  A bullfrog skeleton (D:7)
  15 orc wizards
  Natasha (thrice) (D:3)
  3 iguanas
  A hound zombie (D:5)
  16 gnolls
  19 adders
  4 river rats
  4 white imps
  3 ufetubi
  An adder skeleton (D:4)
  6 worms
  47 orcs
  9 ball pythons
  7 endoplasms
  6 giant cockroaches
  6 goblins
  9 hobgoblins
  11 jackals
  17 kobolds
  4 quokkas
  A ball python zombie (D:3)
  12 bats
  A frilled lizard (D:3)
  6 rats
344 creatures vanquished.

Vanquished Creatures (others)
  A fungus (D:8)
  3 plants (D:8)
4 creatures vanquished.

Grand Total: 348 creatures vanquished

Notes
Turn   | Place    | Note
-------+----------+-------------------------------------------
     0 | D:1      | Bregath the Minotaur Berserker began the quest for the Orb.
     0 | D:1      | Reached XP level 1. HP: 19/19 MP: 0/0
   277 | D:1      | Reached XP level 2. HP: 23/27 MP: 1/1
   555 | D:1      | Reached skill level 4 in Axes
  1205 | D:2      | Reached XP level 3. HP: 33/33 MP: 2/2
  1407 | D:2      | Found a faded altar of an unknown god.
  2169 | D:2      | Reached ** piety under Trog
  2550 | D:3      | Reached XP level 4. HP: 41/41 MP: 3/3
  2590 | D:3      | Noticed an ogre
  2596 | D:3      | Killed an ogre
  2597 | D:3      | Reached skill level 5 in Axes
  2597 | D:3      | Reached skill level 1 in Stealth
  2597 | D:3      | Reached XP level 5. HP: 47/47 MP: 4/4
  2851 | D:3      | Noticed Grinder
  2860 | D:3      | Killed Grinder
  2861 | D:3      | Reached skill level 5 in Fighting
  2861 | D:3      | Reached skill level 6 in Axes
  2861 | D:3      | Reached XP level 6. HP: 51/56 MP: 5/5
  3207 | D:3      | Noticed Natasha
  3235 | D:3      | Killed Natasha
  3378 | D:3      | Found a white marble altar of Elyvilon.
  3395 | D:3      | Noticed Natasha
  3412 | D:3      | Killed Natasha
  3534 | D:3      | Noticed Natasha
  3539 | D:3      | Killed Natasha
  3563 | D:3      | You fall into a shaft and drop 2 floors!
  3563 | D:5      | Entered Level 5 of the Dungeon
  3586 | D:5      | Reached XP level 7. HP: 57/61 MP: 6/6
  3605 | D:5      | Reached skill level 7 in Axes
  3771 | D:5      | Found a glowing drain.
  3778 | Sewer    | Entered a sewer
  4407 | D:5      | Reached *** piety under Trog
  4408 | D:5      | Reached skill level 8 in Axes
  4582 | D:5      | Reached XP level 8. HP: 45/70 MP: 7/7
  4893 | D:5      | Found a shimmering altar of Xom.
  5144 | D:5      | Found a hazy altar of Hepliaklqana.
  5415 | D:5      | Reached skill level 9 in Axes
  5777 | D:5      | Reached skill level 5 in Armour
  6434 | D:6      | Reached skill level 1 in Evocations
  6436 | D:6      | Reached skill level 5 in Dodging
  6575 | D:6      | Reached XP level 9. HP: 72/79 MP: 8/8
  6900 | D:6      | Reached skill level 10 in Axes
  7079 | D:6      | Found Mionlede's CLEARANCE SALE!.
  7090 | D:6      | Bought a potion of ambrosia for 32 gold pieces
  7090 | D:6      | Bought a potion of haste for 40 gold pieces
  7253 | D:4      | Found a blossoming altar of Fedhas.
  7403 | D:4      | Found a sacrificial altar of Ru.
  7449 | D:4      | Reached **** piety under Trog
  7460 | D:4      | Identified the +6 trident of Siatush {vamp, rC+ Str+4}
  7792 | D:4      | Found a hide-covered altar of Uskayaw.
  7804 | D:4      | Found a glowing golden altar of the Shining One.
  7976 | D:3      | Found a runed translucent door.
  7979 | D:3      | Identified the +3 mace "Redaeste" {pain, rCorr Str+4 Dex+2}
  7979 | D:3      | Noticed Crazy Yiuf
  8005 | D:3      | Killed Crazy Yiuf
  9000 | D:7      | Found a shimmering blue altar of Sif Muna.
  9475 | D:7      | Reached skill level 11 in Axes
  9536 | D:7      | Found a staircase to the Ecumenical Temple.
  9820 | D:8      | Found Ilyvack's Magic Scroll Boutique.
  9870 | D:8      | Identified the +4 plate armour of Yesterday {Will++}
  9929 | D:8      | Noticed Psyche
  9932 | D:8      | Found a basalt altar of Yredelemnul.
  9938 | D:8      | Killed Psyche
  9953 | D:8      | Reached XP level 10. HP: 80/88 MP: 9/9
 10251 | D:8      | Found a staircase to the Lair.
 10407 | D:8      | Noticed a cyclops
 10413 | D:8      | Killed a cyclops
 10714 | D:8      | Reached skill level 12 in Axes
 10862 | D:8      | Reached ***** piety under Trog
 11717 | D:9      | Noticed a two-headed ogre
 11723 | D:9      | Killed a two-headed ogre
 11935 | D:9      | Found a staircase to the Orcish Mines.
 11943 | D:9      | Reached skill level 5 in Stealth
 11951 | D:9      | Reached XP level 11. HP: 69/97 MP: 10/10
 12377 | D:10     | Entered Level 10 of the Dungeon
 12487 | D:10     | Noticed Nergalle
 12500 | D:10     | Killed Nergalle
 12501 | D:10     | Reached skill level 1 in Shields
 12852 | D:10     | Noticed a red ugly thing
 12860 | D:10     | Killed a red ugly thing
 12861 | D:10     | Reached skill level 10 in Fighting
 13063 | D:10     | Noticed a two-headed ogre
 13071 | D:10     | Killed a two-headed ogre
 13072 | D:10     | Reached skill level 13 in Axes
 13269 | D:10     | Noticed a two-headed ogre
 13278 | D:10     | Killed a two-headed ogre
 13630 | D:10     | Noticed a two-headed ogre
 13635 | D:10     | Killed a two-headed ogre
 13834 | D:11     | Found Xoebroup's Assorted Antiques.
 13839 | D:11     | Bought a scroll of identify for 60 gold pieces
 13924 | D:11     | Noticed an eight-headed hydra
 14770 | D:11     | Found a runed translucent door.
 14771 | D:11     | Found a runed translucent door.
 14794 | D:11     | Reached skill level 5 in Shields
 14811 | D:11     | Reached skill level 10 in Armour
 14811 | D:11     | Reached XP level 12. HP: 85/108 MP: 11/11
 14828 | D:11     | Received a gift from Trog
 14842 | D:11     | Shot with a bolt by a yaktaur

Illustrated notes

Levels and vault maps discovered:
D:1:      ncdulo_halloftheorcs, layout_basic, minivault_4
D:2:      layout_basic, dreamdust_ecumenical_altar_statues
D:3:      layout_loops_ring, elyvilon_altar_3, chequers_serial_rivers_marsh,
          minmay_divided_ellipse, uniq_natasha, uniq_crazy_yiuf_cottage,
          uniq_grinder
D:4:      layout_rooms, kennysheep_mini_moat,
          mainiacjoe_overflow_concentric_impassable,
          amethyst_overflow_temple_binary
D:5:      kennysheep_six_static_rooms, layout_basic,
          nicolae_overflow_crystal_walls, general_overflow_altar,
          gup_sewer_entry_bubbles, corner_web_ring, dk_noncrumbling_2
D:6:      layout_gridville, nicolae_shop_clearance
D:7:      layout_basic, mainiacjoe_overflow_cross_hatched,
          minmay_temple_entry_hall
D:8:      old_forge, layout_basic, mainiacjoe_overflow_catwalk,
          erik_lair_dragon, serial_shops, shop, minmay_manual_monstrance,
          uniq_psyche
D:9:      layout_cave_pools, kennysheep_orc_monster_closet_entryway
D:10:     layout_rooms, grunt_ministairs_11, uniq_nergalle
D:11:     minmay_the_grid_triangle_9x9_line_8_mashed
          [minmay_the_grid_triangle_9x9_minimal,
          minmay_the_grid_triangle_9x9_tough_junction,
          minmay_the_grid_triangle_9x9_alien,
          minmay_the_grid_triangle_9x9_dagger,
          minmay_the_grid_triangle_9x9_steps,
          minmay_the_grid_triangle_9x9_odd_lines,
          minmay_the_grid_triangle_9x9_sparse_checkered,
          minmay_the_grid_triangle_9x9_prize_insulated], layout_basic,
          serial_shops, shop, grunt_ogre_cave

Skill      XL: |  1  2  3  4  5  6  7  8  9 10 11 |
---------------+----------------------------------+-----
Axes           | 4 5 6 8 9 11 12 13 | 13.6
Fighting       | 4 5 6 7 8 9 10 | 10.9
Armour         | 3 4 6 7 8 10 | 10.1
Stealth        | 1 2 3 4 5 6 |  6.1
Dodging        | 3 4 5 7 9 |  9.4
Evocations     | 1 2 3 4 |  4.0
Shields        | 5 |  5.6

Action                   |  1- 3 |  4- 6 |  7- 9 | 10-12 || total
-------------------------+-------+-------+-------+-------++-------
Melee: Hand axe          |    75 |    44 |       |       ||   119
       Headbutt          |    10 |     7 |    52 |    72 ||   141
       Punch             |     2 |       |     3 |       ||     5
       Unarmed           |       |    28 |       |       ||    28
       War axe           |       |    19 |   222 |   182 ||   423
       Battleaxe         |       |       |   127 |   148 ||   275
Invok: Berserk           |     3 |     3 |     4 |     3 ||    13
       Trog's Hand       |     1 |       |     4 |     6 ||    11
Evoke: Wand              |       |       |       |     4 ||     4
  Use: Scroll            |       |     4 |    10 |    11 ||    25
       Potion            |       |       |     2 |     4 ||     6
 Stab: Sleeping          |     2 |       |     3 |       ||     5
Armor: Animal skin       |    13 |     3 |       |       ||    16
       Leather armour    |       |    11 |    24 |       ||    35
       Ring mail         |       |       |    98 |       ||    98
       Plate armour      |       |       |     5 |   281 ||   286
Dodge: Dodged            |    42 |    46 |   207 |   150 ||   445
Block: Kite shield       |       |       |       |   150 ||   150
